 Dungeon Crawl Stone Soup version 0.26.1-11-gd32895ea62 (webtiles) character file.

Game seed: 4238919875919477510

71 Kukuleta the Firebug (level 4, 0/34 HPs)
             Began as a Draconian Fire Elementalist on July 10, 2021.
             Succumbed to an adder's poison
             ... on level 1 of the Dungeon.
             The game lasted 00:04:42 (1818 turns).

Kukuleta the Firebug (Draconian Fire Elementalist)  Turns: 1818, Time: 00:04:43

Health: 0/34       AC:  5    Str:  7 (10) XL:     4   Next: 5%
Magic:  2/8        EV: 12    Int: 14 (16) God:
Gold:   22         SH:  0    Dex:  9 (12) Spells: 7/8 levels left

rFire    . . .     SeeInvis .   f - +0 spear
rCold    . . .     Faith    .   (no shield)
rNeg     . . .     Spirit   .   (armour unavailable)
rPois    .         Reflect  .   (helmet restricted)
rElec    .         Harm     .   (no cloak)
rCorr    .         Rampage  .   (no gloves)
Will     .....                  (no boots)
Stlth    ++........             (no amulet)
HPRegen  0.11/turn              (no ring)
MPRegen  0.11/turn              (no ring)

@: lethally poisoned (0 -> -1), attractive, flying
A: unfitting armour, cold-blooded, AC +5
a: no special abilities


You were on level 1 of the Dungeon.
You visited 1 branch of the dungeon, and saw 2 of its levels.

You collected 22 gold pieces.

Inventory:

Hand Weapons
 b - a +0 club
 f - a +0 spear (weapon)
Armour
 j - a +0 pair of gloves
Scrolls
 c - a scroll of enchant armour {unknown}
 d - a scroll of amnesia {unknown}
 e - a scroll of random uselessness {unknown}
 i - a scroll of magic mapping {unknown}


   Skills:
 + Level 0.5 Fighting
 + Level 0.6 Polearms
 + Level 1.8 Dodging
 + Level 1.7 Stealth
 + Level 2.7 Spellcasting
 + Level 1.4 Conjurations
 + Level 4.0 Fire Magic


You had 7 spell levels left.
You knew the following spells:

 Your Spells              Type           Power        Failure   Level
a - Foxfire               Conj/Fire      36%          7%          1

Your spell library contained the following spells:

 Spells                   Type           Power        Failure   Level
 Conjure Flame            Conj/Fire      9%           22%         3
 Inner Flame              Hex/Fire       7%           28%         3
 Confusing Touch          Hex            1%           54%         3
 Gell's Gravitas          Tloc           0%           54%         3
 Sticky Flame             Conj/Fire      9%           56%         4
 Fireball                 Conj/Fire      4%           89%         5
 Petrify                  Tmut/Erth      1%           91%         4
 Metabolic Englaciation   Hex/Ice        0%           99%         5
 Yara's Violent Unravell  Hex/Tmut       0%           99%         5


Dungeon Overview and Level Annotations

Branches:
Dungeon (2/15)

Altars:
Kikubaaqudgha


Innate Abilities, Weirdness & Mutations

Your plain brown scales are hard. (AC +5)
You cannot fit into any form of body armour.
You are cold-blooded and may be slowed by cold attacks.


Message History

You feel sick.
You climb upwards.
* * * LOW HITPOINT WARNING * * *
You feel sick.
There is a stone staircase leading down here.
It was a potion of flight.
You feel very buoyant.
You fly up into the air.
It was a potion of degeneration.
There was something very wrong with that liquid.
You feel weakened.
You feel dopey.
You feel clumsy.
* * * LOW HITPOINT WARNING * * *
You feel sick.
* * * LOW HITPOINT WARNING * * *
You feel sick.
* * * LOW HITPOINT WARNING * * *
You feel sick.
* * * LOW HITPOINT WARNING * * *
You feel sick.
You die...

...................#..#
......................#
.....##......###.#.#..#
.............# #.#.#..#
.............# #.#.#..#
..#...#......# #.#.#..#
..#...##.....# #.#.#..#
..#...##.....###.#.#..#######
..#.............@...........#
..##...............#..#.#####
....>..............#..#.#####
####........................#
#################.##..#.#####
................#.##..#.#
..#.............#.##..#.#
##...⌠....###...#.##..#.#
.........## ##..#.##..#.#


There were no monsters in sight!

Vanquished Creatures
  4 gnolls (D:2)
  An adder (D:2)
  A leopard gecko (D:2)
  2 giant cockroaches (D:1)
  2 hobgoblins (D:1)
  4 jackals
  A ball python (D:2)
  A bat (D:1)
  3 frilled lizards (D:1)
  3 goblins
  A rat (D:2)
23 creatures vanquished.

Vanquished Creatures (others)
  54 foxfires
54 creatures vanquished.

Grand Total: 77 creatures vanquished

Notes
Turn   | Place    | Note
-------+----------+-------------------------------------------
     0 | D:1      | Kukuleta the Draconian Fire Elementalist began the quest
                  | for the Orb.
     0 | D:1      | Reached XP level 1. HP: 14/14 MP: 3/3
   525 | D:1      | Reached XP level 2. HP: 17/20 MP: 5/5
  1588 | D:2      | Found an ancient bone altar of Kikubaaqudgha.
  1679 | D:2      | Reached XP level 3. HP: 22/27 MP: 0/6
  1772 | D:2      | Reached skill level 4 in Fire Magic
  1799 | D:2      | Reached XP level 4. HP: 6/34 MP: 0/8
  1810 | D:1      | HP: 1/34 [poisoned by an adder]
  1818 | D:1      | Succumbed to an adder's poison

Illustrated notes

Levels and vault maps discovered:
D:1:      erik_arrival_cave_to_civilisation [erik_arrival_cave_to_hall],
          layout_basic
D:2:      layout_basic, vehumet_crystals, nicolae_overflow_crystal_walls,
          minitemple

Skill      XL: |  1  2  3 |
---------------+----------+-----
Fire Magic     | 4 |  4.0
Fighting       | |  0.5
Polearms       | |  0.6
Dodging        | |  1.8
Stealth        | |  1.7
Spellcasting   | |  2.7
Conjurations   | |  1.4

Action                   |  1- 3 |  4- 6 || total
-------------------------+-------+-------++-------
Melee: Unarmed           |    10 |       ||    10
       Club              |     4 |       ||     4
       Spear             |    29 |       ||    29
 Cast: Foxfire           |    32 |       ||    32
  Use: Potion            |       |     3 ||     3
Armor: Skin              |    18 |       ||    18
Dodge: Dodged            |    21 |       ||    21
